 Dungeon Crawl Stone Soup version 0.30.0-10-gfe55d96785 (webtiles) character file.

Game seed: 5386423264303694199

295 Danienth the Ducker (level 6, -4/49 (50) HPs)
             Began as a Djinni Necromancer on May 16, 2023.
             Was a Follower of Ashenzari.
             Slain by a mummy (7 damage)
             ... in an ossuary.
             The game lasted 00:24:41 (2624 turns).

Danienth the Ducker (Djinni Necromancer)            Turns: 2624, Time: 00:24:41

HP:   -4/49 (50)    AC:  4    Str:  7    XL:     6   Next: 61%
Gold: 254           EV: 17    Int: 19    God:    Ashenzari [*.....] SH:  0 Dex: 19

rFire   + + .        p - +2 dagger (venom)
rCold   x . .        (no shield)
rNeg    + . .        a - +0 robe
rPois   ∞            o - +1 hat of Ashenzari's Adversity {Melee, Range} (curse)
rElec   .            r - +0 cloak of the Astral Augur {Melee, Cun} (curse)
rCorr   .            (no gloves)
SInv    .            (boots unavailable)
Will    .....        (no amulet)
Stlth   +++          b - ring "Noarizxor" {rN+ Dex+6}
HPRegen 0.28/turn    (no ring)
MPRegen 0.00/turn

%: infuse magic (-5 HP)
@: flying, lightly drained
A: sickness immunity, fire resistance 2, cold vulnerability 1, float, innate
caster, HP casting, extra vitality 1
a: Renounce Religion, Shatter the Chains


You were in an ossuary.
You worshipped Ashenzari.
Ashenzari was aware of your devotion.
You visited 1 branch of the dungeon, and saw 4 of its levels.
You also visited: Ossuary.

You collected 254 gold pieces.

Inventory:

Hand Weapons
 c - a +0 whip
 p - a +2 dagger of venom (weapon)
Missiles
 m - a throwing net
 t - 6 atropa-tipped darts
Armour
 a - a +0 robe (worn)
 o - the cursed +1 hat of Ashenzari's Adversity (worn) {Melee, Range}
   (You found it on level 3 of the Dungeon)

   It has a curse which improves the following skills: Melee Combat: Short
   Blades, Long Blades, Axes, Maces & Flails, Polearms, Staves and Unarmed
   Combat.
   Ranged Combat: Ranged Weapons and Throwing.
 r - the cursed +0 cloak of the Astral Augur (worn) {Melee, Cun}
   (You found it on level 3 of the Dungeon)

   It has a curse which improves the following skills: Melee Combat: Short
   Blades, Long Blades, Axes, Maces & Flails, Polearms, Staves and Unarmed
   Combat.
   Cunning:   Dodging and Stealth.
Jewellery
 b - the ring "Noarizxor" (left hand) {rN+ Dex+6}
   (You acquired it in an ossuary)

   [ring of dexterity]

   Dex:       It affects your dexterity (+6).
   rN:        It protects you from negative energy.
Wands
 q - a wand of digging (6)
Scrolls
 k - a scroll of fog
 l - 2 scrolls of enchant armour
 n - 2 scrolls of poison
Potions
 f - a potion of flight
 g - a potion of attraction
 h - 2 potions of degeneration
 j - a potion of magic
 s - a potion of resistance


   Skills:
 + Level 5.9 Fighting
 * Level 3.8(4.9) Short Blades
 + Level 7.0(7.8) Dodging
 + Level 4.1(4.8) Stealth
 * Level 6.6 Spellcasting


You knew the following spells:

 Your Spells              Type           Power      Damage    Failure   Level
a - Necrotise             Necr           100%       1d9       1%          1
b - Vampiric Draining     Necr           31%        2d8       1%          3
c - Animate Dead          Necr           31%        N/A       7%          4
d - Agony                 Necr           31%        N/A       19%         5
e - Shock                 Conj/Air       100%       1d9       1%          1
f - Scorch                Fire           62%        2d7       1%          2
Your spell library was empty.

Dungeon Overview and Level Annotations

Branches:
Dungeon (4/15)            Ossuary (1/1)
 Temple: D:4-7

Altars:
Ashenzari
Cheibriados
Hepliaklqana
Wu Jian
Xom
The Shining One

Shops:
D:1 *(!?


Innate Abilities, Weirdness & Mutations

You are immune to sickness and miasma.
You are immune to poison.
Your flesh is very heat resistant. (rF++)
You are vulnerable to cold. (rC-)
You float through the air rather than walking.
You learn spells naturally, not from books.
Your magical power is your life essence.
You have superior vitality. (+4 MHP)


Message History

The hound zombie bites you but does no damage.
The rat zombie bites you but does no damage.
You barely miss the hound zombie.
The hound zombie is moderately damaged.
The hound zombie barely misses you. x2
You barely miss the hound zombie.
The hound zombie is moderately damaged.
The hound zombie closely misses you. x2; The rat zombie barely misses you.
You hit the hound zombie.
The hound zombie is moderately damaged.
The hound zombie misses you. The hound zombie barely misses you.
The mummy barely misses you.
You hit the hound zombie.
The hound zombie is heavily damaged.
The hound zombie completely misses you. The rat zombie misses you.
The hound zombie barely misses you.
You hit the hound zombie.
The hound zombie is heavily damaged.
The hound zombie completely misses you. The hound zombie bites you.
* * * LOW HITPOINT WARNING * * *
The mummy closely misses you. The rat zombie completely misses you.
You barely miss the hound zombie.
The hound zombie is heavily damaged.
The hound zombie bites you.
* * * LOW HITPOINT WARNING * * *
The hound zombie closely misses you.
You completely miss the hound zombie.
The hound zombie is heavily damaged.
The hound zombie closely misses you. The rat zombie bites you.
* * * LOW HITPOINT WARNING * * *
The hound zombie barely misses you. The mummy barely misses you.
You hit the hound zombie.
The hound zombie is severely damaged.
The hound zombie completely misses you. The hound zombie closely misses you.
You hit the hound zombie.
The hound zombie is almost destroyed.
The hound zombie bites you but does no damage.
The rat zombie misses you. The hound zombie closely misses you.
The mummy hits you!
You die...

...............
...............
...............
...............
...............
.........§.....
......§.M......
.......@Z......
.......ZZ......
...............
...............
...............
...............
...............
...............


You could see a mummy, a rat zombie and 2 hound zombies.

Vanquished Creatures
  An ogre (D:4)
  2 hound zombies (Ossuary)
  A mummy (Ossuary)
  3 adders (D:2)
  An orc (D:3)
  3 endoplasms
  3 giant cockroaches
  A gnoll zombie (Ossuary)
  4 hobgoblins
  A quokka (D:3)
  3 ball pythons
  3 bats
  4 frilled lizards
  8 goblins
  A hobgoblin zombie (Ossuary)
  2 kobolds (D:1)
  3 kobold zombies (Ossuary)
  An orc zombie (Ossuary)
  3 rats
  A rat zombie (Ossuary)
49 creatures vanquished.

Vanquished Creatures (collateral kills)
  A sleepcap (D:2)
  A goblin (D:1)
2 creatures vanquished.

Grand Total: 51 creatures vanquished

Notes
Turn   | Place    | Note
-------+----------+-------------------------------------------
     0 | D:1      | Danienth the Djinni Necromancer began the quest for the
                  | Orb.
     0 | D:1      | Danienth set off with the following spells memorised:
                  | Necrotise, Vampiric Draining, Animate Dead, Agony.
     0 | D:1      | Reached XP level 1. HP: 15/15 MP: 0/0
    73 | D:1      | Found Lahav's Magic Scroll Shop.
   151 | D:1      | Found Gebetyul's Assorted Antiques.
   155 | D:1      | Found Naamujyn's Weapon Boutique.
   178 | D:1      | Reached XP level 2. HP: 19/21 MP: 0/0
   366 | D:1      | Found Gaxu's Distillery.
   600 | D:1      | Found a faded altar of an unknown god.
   779 | D:1      | Prayed at the altar of an unknown god.
   779 | D:1      | Became a worshipper of Hepliaklqana the Forgotten
   779 | D:1      | Reached * piety under Hepliaklqana
   965 | D:2      | Reached XP level 3. HP: 21/22 MP: 0/0
   965 | D:2      | Learned a level 1 spell: Shock
  1171 | D:2      | You are sucked into a shaft and drop 1 floor!
  1190 | D:3      | Reached ** piety under Hepliaklqana
  1190 | D:3      | Found an ornate altar of the Wu Jian Council.
  1258 | D:3      | Found a broken altar of Ashenzari.
  1292 | D:3      | Fell from the grace of Hepliaklqana
  1300 | D:3      | Became a worshipper of Ashenzari the Shackled
  1527 | D:3      | Found a snail-covered altar of Cheibriados.
  1528 | D:3      | Found a shimmering altar of Xom.
  1632 | D:3      | Found a glowing golden altar of the Shining One.
  2501 | D:4      | Noticed an ogre
  2509 | D:4      | Killed an ogre
  2510 | D:4      | Was forgiven by Hepliaklqana
  2510 | D:4      | Reached skill level 1 in Short Blades
  2510 | D:4      | Reached XP level 4. HP: 24/31 MP: 0/0
  2510 | D:4      | Reached XP level 5. HP: 27/35 MP: 0/0
  2510 | D:4      | Learned a level 2 spell: Scorch
  2535 | D:4      | Found a sand-covered staircase.
  2540 | Ossuary  | Entered an ossuary
  2549 | Ossuary  | Reached * piety under Ashenzari
  2549 | Ossuary  | Identified a scroll of acquirement
  2553 | Ossuary  | Reached skill level 5 in Fighting
  2553 | Ossuary  | Reached skill level 7 in Dodging
  2553 | Ossuary  | Reached XP level 6. HP: 47/50 MP: 0/0
  2567 | Ossuary  | Acquired the ring "Noarizxor" {rN+ Dex+6}
  2613 | Ossuary  | Identified the cursed +0 cloak of the Astral Augur {Melee,
                  | Cun} (You found it on level 3 of the Dungeon)
  2613 | Ossuary  | Identified the cursed +1 hat of Ashenzari's Adversity
                  | {Melee, Range} (You found it on level 3 of the Dungeon)
  2624 | Ossuary  | Slain by a mummy

Illustrated notes

Levels and vault maps discovered:
D:1:      saegor_arrival_simple_c, layout_loops_ring, serial_shops,
          nicolae_shop_hallway_plus, shop, shop, nicolae_shop_hallway_stairs,
          shapermc_ecumenical_altar_ellora
D:2:      layout_loops_corners, chequers_serial_rivers_small_3
D:3:      layout_rooms, lemuel_doored_altar, mainiacjoe_overflow_alcove_1,
          mainiacjoe_overflow_divided_tiny, amcnicky_altar_gilded
D:4:      layout_rooms, enter_ossuary_2, uniq_blork_the_orc
Ossuary:  ossuary_minmay_tomb_2a

Skill      XL: |  1  2  3  4  5 |
---------------+----------------+-----
Spellcasting   | 4 6 |  6.6
Short Blades   | 1 3 |  3.8
Fighting       | 5 |  5.9
Dodging        | 7 |  7.0
Stealth        | 4 |  4.1

Action                     |  1- 3 |  4- 6 || total
---------------------------+-------+-------++-------
  Melee: Dagger            |    25 |    67 ||    92
         Punch             |       |     2 ||     2
   Cast: Necrotise         |    67 |       ||    67
         Shock             |     1 |     2 ||     3
         Scorch            |       |     4 ||     4
 Invoke: Ancestor Identity |     1 |       ||     1
         Curse Item        |     1 |     1 ||     2
         Renounce Religion |     1 |       ||     1
    Use: Potion            |     1 |     3 ||     4
         Scroll            |     7 |     3 ||    10
 Armour: Robe              |     9 |    40 ||    49
         Skin              |       |   188 ||   188
  Dodge: Dodged            |    26 |   128 ||   154
